Map: Lost and Found LE

Players

ShoWTimE - Winner!

  • Race: Protoss Protoss
  • Spawn Location: 1:00

Crow

  • Race: Zerg Zerg
  • Spawn Location: 7:00

Event: WCS Valencia 2018

VOD

Have the link to the VOD?

Description

Time

  • Played on: July 12, 2018, 6:29 a.m.
  • Length: 4:05

All games in this series

Show
View Real Time Build Order
Export as new Build Order

ShoWTimE Protoss - Winner!

Build Orders: 1 Gate Expand, Oracle Opening, Phoenix Opening 

Get SALT Encoding   

  12  0:00  Probe  
  13  0:12  Probe  
  14  0:18  Pylon  
  14  0:24  Probe  
  15  0:33  Probe  
  15  0:41  Probe  
  16  0:43  Gateway  
  16  0:46  Assimilator  
  17  0:51  Probe  
  18  1:03  Probe  
  19  1:15  Probe  
  20  1:24  Nexus  
  20  1:36  Cybernetics Core  
  20  1:37  Probe  
  21  1:43  Assimilator  
  21  1:49  Probe  
  21  1:52  Pylon  
  23  2:01  Probe  
  23  2:03  Adept  
  23  2:13  Probe  
  26  2:15  Stargate  
  26  2:25  Probe  
  26  2:29  Adept  
  27  2:32  Probe  
  30  2:37  Probe  
  30  2:40  Probe  
  32  2:49  Probe  
  32  2:50  Probe  
  33  2:52  Phoenix  
  33  2:56  Adept  
  36  3:01  Probe  
  36  3:02  Probe  
  40  3:09  Pylon  
  40  3:13  Oracle  
  40  3:14  Probe  
  40  3:15  Probe  
  42  3:26  Probe  
  46  3:27  Probe  
  46  3:28  Shield Battery  
  47  3:34  Gateway  
  47  3:38  Probe  
  47  3:40  Pylon, Probe  
  48  3:50  Probe  
  48  3:52  Probe  
  53  3:56  Gateway  
Show
View Real Time Build Order
Export as new Build Order

Crow Zerg 

Build Orders: Hatch First 

Get SALT Encoding   

  12  0:00  Drone  
  13  0:12  Overlord  
  13  0:17  Drone  
  14  0:30  Drone x2  
  16  0:48  Hatchery  
  15  0:51  Drone  
  15  0:54  Drone  
  17  0:58  Drone  
  18  1:08  Extractor  
  17  1:13  Spawning Pool  
  17  1:16  Drone  
  17  1:20  Drone  
  18  1:28  Drone  
  19  1:38  Drone  
  20  1:49  Overlord  
  20  1:59  Queen  
  20  2:00  Queen  
  24  2:02  Zergling x4  
  26  2:11  Drone x2  
  26  2:14  Metabolic Boost  
  28  2:24  Drone x2  
  30  2:39  Hatchery  
  30  2:42  Drone  
  30  2:43  Drone  
  31  2:48  Overlord  
  31  2:56  Baneling Nest  
  31  2:58  Zergling x4  
  32  3:02  Zergling x2  
  33  3:08  Zergling x6  
  36  3:14  Zergling x2  
  36  3:15  Zergling x4  
  39  3:25  Zergling x8  
  43  3:28  Overlord  
  43  3:39  Overlord  
  43  3:46  Overlord  
  43  3:47  Zergling x2  
  44  3:48  Baneling  
  44  3:49  Baneling x2  
Tags
 
Add a new tag
Caveats
  • Supply blocks, unpowered buildings, or Contaminate may cause inaccurate times.
  • Supply counts are checked every 10 seconds.